Map: Piana remota

Players

Mørtebianca - Winner!

  • Race: Zerg Zerg
  • League: Diamond

Jhyrachy - Winner!

  • Race: Zerg Zerg
  • League: Silver

Whoru

  • Race: Zerg Zerg

Guncho

  • Race: Protoss Protoss

VOD

Have the link to the VOD?

Description

Time

  • Played on: Dec. 9, 2015, 2:28 p.m.
  • Length: 14:06
Show
View Real Time Build Order
Export as new Build Order

Mørtebianca Zerg - Winner!

Build Orders: Hatch First 

Get SALT Encoding   

  12  0:01  Drone  
  13  0:09  Drone  
  14  0:17  Overlord  
  15  0:35  Drone  
  15  0:36  Drone x2  
  17  0:54  Hatchery  
  17  0:56  Drone  
  17  1:00  Drone  
  18  1:08  Drone  
  19  1:16  Extractor  
  18  1:20  Spawning Pool  
  18  1:21  Drone  
  18  1:32  Drone  
  19  1:40  Overlord  
  19  1:51  Drone  
  20  2:18  Drone x3  
  20  2:19  Drone  
  20  2:20  Hatchery  
  23  2:25  Zergling x2  
  24  2:33  Metabolic Boost  
  24  2:34  Zergling x4  
  26  2:38  Zergling x2  
  27  2:44  Zergling x2  
  27  2:48  Zergling x2  
  29  2:55  Zergling x2  
  30  3:03  Zergling x2  
  31  3:20  Drone x2  
  31  3:21  Drone  
  31  3:22  Drone  
  35  3:28  Hatchery  
  35  3:31  Hatchery  
  33  3:39  Drone x3  
  36  3:43  Overlord  
  36  3:49  Hatchery, Drone  
  36  4:01  Overlord x2, Queen x2  
  39  4:19  Zergling x6  
  41  4:28  Drone x2  
  43  4:31  Drone  
  43  4:33  Extractor  
  43  4:34  Extractor  
  43  4:36  Overlord  
  42  4:41  Drone  
  42  4:43  Drone  
  42  4:44  Drone  
  45  4:47  Drone  
  45  4:51  Drone  
  47  4:53  Drone  
  47  4:54  Drone  
  47  5:13  Drone x2  
  47  5:14  Roach Warren  
  46  5:16  Drone x2  
  46  5:17  Drone x11  
  46  5:19  Queen  
  61  5:22  Overlord  
  61  5:38  Extractor  
  61  5:39  Drone x3  
  61  5:40  Extractor  
  61  5:41  Drone x3  
  65  5:48  Lair, Evolution Chamber  
  64  5:50  Evolution Chamber  
  64  5:51  Drone x3  
  64  5:53  Extractor  
  64  5:55  Roach x3  
  71  5:59  Roach  
  71  6:00  Roach  
  71  6:03  Overlord  
  75  6:05  Roach  
  75  6:06  Roach  
  75  6:08  Roach  
  75  6:11  Roach  
  83  6:15  Roach x2  
  83  6:16  Roach  
  83  6:18  Roach  
  91  6:21  Pneumatized Carapace  
  91  6:23  Overlord  
  91  6:25  Overlord  
  91  6:27  Overlord  
  91  6:31  Zerg Missile Weapons Level 1  
  91  6:34  Zerg Ground Armor Level 1  
  91  6:36  Roach  
  93  6:42  Roach x3  
  93  6:44  Overlord  
  99  6:48  Overlord  
  98  6:54  Roach x3  
  98  7:01  Roach x4  
  106  7:04  Roach  
  106  7:05  Roach  
  106  7:07  Roach  
  98  7:12  Glial Reconstitution  
  98  7:14  Roach x2  
  98  7:15  Roach  
  94  7:17  Roach  
  94  7:20  Roach  
  94  7:21  Roach  
  96  7:26  Roach x3  
  97  7:30  Roach  
  97  7:31  Roach  
  97  7:32  Roach  
  97  7:36  Roach x2  
  101  7:40  Roach  
  101  7:41  Roach  
  92  7:44  Roach  
  77  7:53  Roach x3  
  73  8:09  Roach x4  
  73  8:10  Roach  
  80  8:13  Roach  
  80  8:14  Roach  
  82  8:23  Roach x2  
  82  8:24  Roach  
  88  8:32  Roach x2  
  88  8:34  Roach  
  88  8:36  Roach  
  88  8:40  Roach  
  92  8:45  Roach  
  94  8:51  Roach  
  96  9:02  Overlord x2  
  96  9:03  Overlord  
  92  9:11  Roach x2  
  95  9:17  Zerg Missile Weapons Level 2  
  95  9:23  Roach x3  
  101  9:37  Roach x2  
  101  9:38  Roach x2  
  105  9:42  Drone  
  105  9:43  Drone x2  
  108  9:50  Roach  
  108  9:51  Roach  
  104  9:53  Roach  
  104  9:57  Roach  
  108  10:06  Drone x4  
  108  10:07  Drone  
  107  10:16  Drone x5  
  107  10:20  Drone x2  
  107  10:21  Drone  
  115  10:24  Overlord  
  115  10:30  Drone x3  
  118  10:39  Drone x2  
  120  10:52  Hatchery, Extractor  
  120  10:55  Extractor  
  117  11:00  Drone x3  
  120  11:08  Infestation Pit, Zerg Ground Armor Level 2  
  119  11:15  Overlord x3  
  119  11:20  Hatchery  
  119  11:22  Roach  
  120  11:33  Roach x7  
  120  11:34  Roach  
  120  11:35  Roach x2  
  120  11:38  Burrow  
  140  11:41  Overlord  
  140  11:52  Roach x2  
  140  12:03  Roach x5  
  140  12:04  Roach x3  
  156  12:10  Roach  
  156  12:11  Overlord x2  
  158  12:18  Roach  
  158  12:24  Hive, Hydralisk Den  
  158  12:29  Overlord x2  
  151  12:38  Ravager x2  
  151  12:39  Ravager x7  
  151  12:40  Ravager x6  
  151  12:41  Ravager x6  
  151  12:42  Roach  
  151  12:43  Roach x2  
  151  12:44  Roach  
  166  13:02  Roach x10  
  186  13:15  Roach  
  186  13:16  Roach x5  
  191  13:40  Roach x3  
  195  13:46  Drone  
  195  13:47  Drone x4  
Show
View Real Time Build Order
Export as new Build Order

Jhyrachy Zerg - Winner!

Build Orders: Hatch First, Lurkers 

Get SALT Encoding   

  12  0:03  Drone  
  13  0:09  Drone  
  14  0:23  Extractor  
  14  0:24  Extractor  
  14  0:25  Drone x2  
  16  0:50  Overlord  
  16  1:00  Hatchery, Overlord  
  15  1:10  Drone x2  
  17  1:19  Extractor  
  17  1:21  Spawning Pool  
  17  1:25  Drone  
  16  1:36  Drone x2  
  18  1:45  Drone  
  19  1:59  Drone  
  20  2:09  Drone  
  20  2:13  Queen  
  23  2:19  Queen  
  25  2:39  Zergling x10, Spine Crawler  
  29  2:54  Metabolic Boost  
  29  2:59  Lair  
  29  3:17  Queen  
  29  3:19  Drone x2  
  36  3:20  Drone x3  
  36  3:21  Overlord  
  36  3:49  Hatchery  
  36  3:50  Drone x4  
  36  3:52  Drone  
  40  4:11  Drone x4  
  40  4:13  Overlord  
  44  4:34  Overlord x2  
  44  4:44  Drone  
  44  4:45  Extractor, Drone x2  
  46  4:50  Hydralisk Den  
  45  4:58  Evolution Chamber  
  45  4:59  Drone x3  
  47  5:00  Evolution Chamber  
  46  5:11  Drone x4  
  46  5:12  Drone x3  
  53  5:41  Overlord x3  
  53  5:43  Overlord  
  53  5:48  Muscular Augments  
  53  5:49  Hydralisk  
  53  5:50  Hydralisk x5  
  65  5:57  Extractor  
  65  5:58  Drone x3  
  67  6:30  Extractor, Drone  
  67  6:31  Drone  
  67  6:32  Drone  
  69  6:34  Drone  
  69  6:37  Overlord x3  
  69  6:38  Overlord  
  70  6:46  Hydralisk x8  
  84  7:23  Zerg Ground Armor Level 1, Zerg Missile Weapons Level 1  
  84  7:24  Lurker Den  
  68  8:26  Hydralisk x9  
  68  8:27  Hydralisk x4  
  70  8:30  Zergling x2  
  70  8:31  Zergling x8  
  99  8:40  Queen  
  101  8:43  Hatchery  
  99  8:56  Lurker x3  
  99  9:02  Drone x4  
  106  9:07  Extractor  
  105  9:10  Extractor  
  105  9:12  Lurker x2  
  106  9:32  Lurker x2  
  106  9:46  Lurker  
  106  9:48  Lurker  
  108  10:18  Overseer  
  108  10:27  Zerg Missile Weapons Level 2, Zerg Ground Armor Level 2  
  108  10:37  Queen  
  108  10:39  Drone x4  
  114  11:30  Overseer  
  114  11:44  Roach Warren  
  113  11:47  Overlord x3  
  113  11:48  Overlord x4  
  113  11:50  Pneumatized Carapace  
  110  12:04  Hatchery  
  100  13:00  Roach x7  
  100  13:01  Roach x27  
  100  13:02  Roach  
  167  13:19  Queen  
Show
View Real Time Build Order
Export as new Build Order

Whoru Zerg 

Build Orders: Pool First 

Get SALT Encoding   

  12  0:01  Drone  
  13  0:09  Drone  
  14  0:26  Spawning Pool  
  13  0:31  Drone  
  14  0:37  Overlord  
  14  0:56  Drone x2  
  16  1:14  Queen  
  16  1:18  Zergling x6  
  21  1:36  Drone  
  22  1:48  Extractor, Drone  
  22  1:49  Hatchery  
  22  1:51  Overlord  
  21  2:03  Drone  
  22  2:18  Drone  
  23  2:32  Drone  
  23  2:33  Drone  
  23  2:34  Overlord  
  25  2:49  Drone x2  
  27  3:13  Drone x5  
  27  3:14  Drone  
  27  3:18  Lair  
  33  3:20  Roach Warren  
  33  3:21  Extractor  
  33  3:24  Drone x2  
  33  3:29  Evolution Chamber  
  33  3:33  Drone x3, Evolution Chamber  
  34  3:36  Drone  
  34  3:38  Queen  
  37  3:44  Drone x2  
  39  4:01  Roach  
  39  4:02  Roach  
  43  4:03  Zerg Missile Weapons Level 1  
  43  4:04  Overlord  
  43  4:05  Overlord  
  39  4:22  Zergling x2  
  39  4:23  Zergling x8  
  42  4:26  Queen  
  42  4:31  Roach  
  46  4:36  Glial Reconstitution  
  46  4:41  Metabolic Boost  
  46  4:43  Roach  
  48  4:48  Drone x2  
  48  4:49  Drone  
  48  4:51  Drone  
  52  4:59  Drone x3  
  55  5:01  Extractor  
  55  5:02  Drone  
  55  5:03  Drone  
  54  5:12  Roach  
  54  5:13  Roach x2  
  58  5:25  Zerg Ground Armor Level 1  
  58  5:27  Drone x2  
  60  5:31  Overlord  
  60  5:32  Overlord  
  60  5:33  Overlord  
  60  5:38  Overlord  
  60  5:50  Roach  
  60  5:51  Roach x4  
  60  5:56  Roach x2  
  74  5:58  Roach  
  76  6:07  Roach x2  
  80  6:15  Roach x2  
  84  6:19  Roach  
  84  6:20  Roach x3  
  92  6:28  Overlord x2  
  87  7:01  Roach  
  87  7:02  Roach x5  
  87  7:06  Overlord x2  
  89  7:25  Roach  
  89  7:26  Roach x3  
  89  7:29  Zerg Missile Weapons Level 2  
  81  7:38  Roach x2  
  73  8:06  Roach  
  73  8:07  Roach x7  
  87  8:16  Roach x3  
  87  8:19  Zerg Ground Armor Level 2  
  93  8:20  Overlord x2  
  93  8:29  Roach x2  
  97  8:44  Roach  
  97  8:45  Roach x3  
  105  8:49  Roach x3  
  105  8:54  Ravager  
  112  9:02  Roach  
  116  9:03  Roach x3  
  118  9:18  Hatchery, Extractor  
  118  9:21  Extractor  
  105  9:46  Ravager  
  98  9:59  Hydralisk Den  
  97  10:02  Infestation Pit  
  97  10:04  Drone x3  
  97  10:05  Drone x3  
  97  10:06  Drone x3  
  105  10:22  Extractor  
  105  10:25  Ravager  
  102  10:38  Hydralisk x10  
  102  10:40  Queen  
  124  10:51  Hydralisk  
  124  10:52  Hydralisk x2  
  124  10:54  Overlord x4  
  124  10:55  Overlord  
  130  11:05  Hive  
  130  11:40  Hydralisk  
  130  11:41  Hydralisk x10  
  152  12:07  Overseer  
  152  12:11  Overlord x2  
  152  12:12  Overlord x3  
  152  12:22  Ravager  
  84  13:01  Hydralisk x14  
  84  13:02  Hydralisk x5  
  88  13:17  Roach x3  
  94  13:24  Hydralisk  
  94  13:25  Roach  
  78  13:38  Roach x2  
Show
View Real Time Build Order
Export as new Build Order

Guncho Protoss 

Build Orders:  

Get SALT Encoding   

  12  0:01  Probe (Chrono Boost)  
  13  0:12  Probe (Chrono Boost)  
  14  0:18  Pylon  
  14  0:22  Probe (Chrono Boost)  
  15  0:37  Probe (Chrono Boost)  
  15  0:39  Gateway  
  16  0:47  Probe (Chrono Boost)  
  17  0:57  Pylon  
  17  0:58  Probe (Chrono Boost)  
  18  1:08  Probe (Chrono Boost)  
  19  1:13  Assimilator  
  19  1:19  Probe (Chrono Boost)  
  19  1:20  Gateway  
  20  1:28  Cybernetics Core  
  20  1:36  Probe (Chrono Boost)  
  20  1:39  Assimilator  
  21  1:44  Pylon  
  22  1:47  Probe (Chrono Boost)  
  22  1:52  Zealot  
  24  2:01  Gateway  
  24  2:05  Warp Gate (Chrono Boost)  
  24  2:09  Probe (Chrono Boost)  
  24  2:13  Stalker  
  27  2:31  Probe (Chrono Boost)  
  28  2:42  Probe  
  29  3:03  Stalker  
  29  3:04  Stalker  
  29  3:05  Stalker  
  35  3:17  Pylon  
  35  3:20  Pylon  
  35  3:21  Pylon  
  35  3:26  Robotics Facility  
  35  3:30  Twilight Council  
  35  3:43  Gateway  
  35  4:08  Blink (Chrono Boost)  
  35  4:12  Zealot x2  
  35  4:13  Zealot  
  41  4:38  Observer  
  42  4:54  Stalker x2  
  42  4:55  Stalker x2  
  50  5:19  Observer  
  51  5:32  Robotics Bay  
  51  5:36  Pylon  
  51  5:38  Pylon  
  51  5:50  Nexus  
  51  5:51  Pylon  
  51  5:52  Pylon  
  51  6:29  Colossus (Chrono Boost)  
  57  6:41  Forge x2  
  57  6:46  Gateway  
  57  6:49  Stalker x3  
  59  8:26  Probe  
  59  8:32  Assimilator  
  59  8:33  Stalker x2  
  59  8:34  Stalker x2  
  68  8:35  Assimilator  
  68  8:36  Probe  
  68  8:39  Extended Thermal Lance (Chrono Boost)  
  68  8:41  Colossus  
  69  8:47  Probe  
  76  8:57  Probe  
  77  9:08  Probe  
  78  9:26  Probe  
  77  9:37  Probe  
  74  9:48  Probe  
  75  9:56  Stalker x3  
  75  9:57  Stalker x2  
  75  9:58  Probe  
  85  10:01  Protoss Ground Weapons Level 1 (Chrono Boost)  
  74  10:09  Probe  
  74  10:11  Protoss Ground Armor Level 1 (Chrono Boost)  
  75  10:28  Stalker x2  
  75  10:29  Stalker x2  
  83  10:49  Immortal  
  87  10:55  Probe  
  88  11:06  Probe  
  89  11:16  Probe  
  88  11:27  Probe  
  89  11:37  Probe  
  90  11:41  Stalker x5  
  82  13:16  Stalker x4  
  82  13:17  Stalker  
Tags
 
Add a new tag
Caveats
  • Supply blocks, unpowered buildings, or Contaminate may cause inaccurate times.
  • Supply counts are checked every 10 seconds.